 Dungeon Crawl Stone Soup version 0.19-a0-517-gd6a9987 (webtiles) character file.

14382 Charly the Cleaver (level 12, -3/110 HPs)
             Began as a Hill Orc Berserker on June 6, 2016.
             Was a Believer of Trog.
             Slain by a porcupine (8 damage)
             ... while paralysed
             ... on level 2 of the Lair of Beasts.
             The game lasted 00:49:05 (2800 turns).

Charly the Cleaver (Hill Orc Berserker)             Turns: 2800, Time: 00:49:05

Health: -3/110     AC: 16    Str: 21    XL:     12   Next: 15%
Magic:  12/12      EV:  2    Int:  7    God:    Trog [**....]
Gold:   239        SH:  0    Dex: 14    Spells: 0 memorised, 11 levels left

rFire  . . .     SeeInvis .     b - +1 battleaxe (freeze)
rCold  + + .     Gourm    .     d - +4 ring mail {rC+}
rNeg   . . .     Faith    .     (shield currently unavailable)
rPois  .         Spirit   .     u - +1 hat
rElec  .         Dismiss  .     f - +1 cloak
rCorr  .         Reflect  .     e - +0 pair of gloves
SustAt .         Harm     .     (no boots)
MR     .....                    (no amulet)
Stlth  +.........               o - +1 ring of evasion
                                c - ring of protection from cold

@: paralysed, exhausted, slowed, not resistant to hostile enchantments, very
unstealthy
A: no striking features
a: Berserk, Trog's Hand, Burn Spellbooks, Renounce Religion


You were on level 2 of the Lair of Beasts.
You worshipped Trog.
Trog was pleased with you.
You were not hungry.

You visited 3 branches of the dungeon, and saw 12 of its levels.
You also visited: Ice Cave.

You collected 239 gold pieces.

Inventory:

Hand Weapons
 b - a +1 battleaxe of freezing (weapon)
 w - a +2 scimitar of flaming
Armour
 d - a +4 ring mail of cold resistance (worn)
 e - a +0 pair of gloves (worn)
 f - a +1 cloak (worn)
 u - a +1 hat (worn)
Jewellery
 c - a ring of protection from cold (left hand)
 m - an uncursed ring of positive energy
 o - a +1 ring of evasion (right hand)
Wands
 y - a wand of disintegration (24/24)
 A - a wand of lightning (4/15)
Scrolls
 h - a scroll of remove curse
 i - a scroll of magic mapping
 j - a scroll of fog
 n - a scroll of enchant weapon
 p - a scroll of enchant armour
Potions
 l - a potion of flight
 r - a potion of invisibility {unknown}
 s - a potion of resistance {unknown}
 t - a potion of cure mutation {unknown}
Books
 D - a book of Ice

   Spells                             Type                      Level
   a - Ice Form                       Ice/Transmutation            4
   b - Metabolic Englaciation         Hexes/Ice                    5
   c - Ozocubu's Refrigeration        Ice                          6
   d - Bolt of Cold                   Conjuration/Ice              6
   e - Freezing Cloud                 Conjuration/Ice/Air          6
   f - Simulacrum                     Ice/Necromancy               6
   Trog disapproves of the use of such an item.
Comestibles
 F - 2 bread rations


   Skills:
 - Level 11.5 Fighting
 + Level 14.5 Axes
 - Level 10.2 Armour
 - Level 7.8 Dodging


You had 11 spell levels left.
You didn't know any spells.

Dungeon Overview and Level Annotations

Branches:
Dungeon (9/15)             Temple (1/1) D:7            Lair (2/8) D:9
    Orc: D:9-12

Altars:
Fedhas
Gozag
Makhleb
Pakellas
Qazlal
Ru
Trog
Uskayaw
Yredelemnul
Zin
The Shining One

Shops:
D:8 }

Annotations:
Lair:1 1 exclusion


Message History

The porcupine is moderately wounded.
The porcupine closely misses you.
A red film seems to cover your vision as you go berserk!
You feel yourself moving faster!
You feel mighty!
You feel somewhat more hungry.
The porcupine bites you but does no damage.
The porcupine misses you.
You slash the porcupine! You freeze the porcupine.
The porcupine is almost dead.
You slash the porcupine! You freeze the porcupine.
You kill the porcupine!
Trog accepts your kill.
You feel a strong urge to attack something.
A porcupine comes into view.
The porcupine moves out of view.
You feel your anger subside.
You are no longer berserk.
You pass out from exhaustion.
You feel yourself slow down. The porcupine bites you!
You die...

.......P .......
...... ....# #..P# ###
###...###.P###
#PP..........#
###.r...........
#.#.@...........
##...............
.P####................
...#.#..........P#....
............#.### ...
##.........#...#
#..........###.#
#.......### ...
##.......# #..#


You could see a porcupine.

Vanquished Creatures
  A frost giant (IceCv)
  Erica (D:8)
  2 death yaks (IceCv)
  An ice statue (IceCv)
  2 spiny frogs (Lair:1)
  A black mamba (Lair:1)
  3 rime drakes
  A troll (D:9)
  15 polar bears (IceCv)
  Prince Ribbit (D:5)
  15 yaks (IceCv)
  3 wargs (D:9)
  3 porcupines
  A black bear (D:9)
  An ice beast (D:9)
  A sky beast (D:8)
  2 ogres
  20 wolves (IceCv)
  A giant frog (D:6)
  2 scorpions
  4 wights (D:8)
  A quasit (D:6)
  A hound (D:9)
  6 orc wizards
  4 orc priests
  A giant frog skeleton (D:9)
  5 iguanas
  3 worker ants
  2 hound skeletons
  A worker ant zombie (D:7)
  4 gnolls (D:4)
  4 adders
  2 adder skeletons
  3 worms
  A dart slug (D:1)
  A giant gecko (D:7)
  19 orcs
  2 giant cockroaches (D:1)
  4 goblins
  3 hobgoblins
  3 jackals (D:8)
  A quokka (D:7)
  4 bats
  A giant newt (D:1)
  7 kobolds
  A quokka zombie (D:6)
  A rat (D:2)
166 creatures vanquished.

Notes
Turn   | Place    | Note
--------------------------------------------------------------
     0 | D:1      | Charly the Hill Orc Berserker began the quest for the Orb.
     0 | D:1      | Reached XP level 1. HP: 19/19 MP: 1/1
    80 | D:1      | Reached XP level 2. HP: 23/26 MP: 2/2
   137 | D:1      | Reached skill level 5 in Axes
   215 | D:2      | Found a sacrificial altar of Ru.
   235 | D:2      | Reached XP level 3. HP: 28/31 MP: 3/3
   340 | D:2      | Reached ** piety under Trog
   394 | D:2      | Reached skill level 6 in Axes
   440 | D:3      | Reached XP level 4. HP: 28/39 MP: 4/4
   508 | D:3      | Found a glowing silver altar of Zin.
   537 | D:4      | Reached skill level 7 in Axes
   537 | D:4      | Reached XP level 5. HP: 37/45 MP: 5/5
   600 | D:5      | Entered Level 5 of the Dungeon
   612 | D:5      | Reached skill level 8 in Axes
   615 | D:5      | Noticed Prince Ribbit
   622 | D:5      | Killed Prince Ribbit
   622 | D:5      | Reached skill level 9 in Axes
   622 | D:5      | Reached XP level 6. HP: 14/51 MP: 6/6
   652 | D:5      | Reached XP level 7. HP: 4/58 MP: 7/7
   774 | D:6      | Reached skill level 10 in Axes
   816 | D:7      | Found a staircase to the Ecumenical Temple.
   839 | Temple   | Entered the Ecumenical Temple
  1038 | D:8      | Noticed Erica
  1055 | D:8      | Killed Erica
  1055 | D:8      | Reached XP level 8. HP: 70/70 MP: 8/8
  1083 | D:8      | Found a hide-covered altar of Uskayaw.
  1107 | D:8      | Reached *** piety under Trog
  1118 | D:8      | Reached skill level 11 in Axes
  1125 | D:8      | Found an oddly glowing altar of Pakellas.
  1125 | D:8      | Found Pakellas's Prime Provisions.
  1142 | D:8      | HP: 2/71 [something (5)]
  1144 | D:8      | Reached skill level 5 in Armour
  1144 | D:8      | Reached XP level 9. HP: 2/78 MP: 9/9
  1283 | D:9      | Found a glowing golden altar of the Shining One.
  1313 | D:9      | Found a staircase to the Lair.
  1425 | D:9      | Noticed a troll
  1431 | D:9      | Killed a troll
  1456 | Lair:1   | Entered Level 1 of the Lair of Beasts
  1477 | Lair:1   | Noticed a spiny frog
  1485 | Lair:1   | Killed a spiny frog
  1485 | Lair:1   | Reached skill level 12 in Axes
  1485 | Lair:1   | Reached skill level 5 in Dodging
  1516 | Lair:1   | Noticed a spiny frog
  1539 | Lair:1   | Killed a spiny frog
  1539 | Lair:1   | Reached XP level 10. HP: 86/90 MP: 10/10
  1567 | Lair:1   | Found a frozen archway.
  1590 | IceCv    | Entered an ice cave
  1805 | IceCv    | Reached skill level 13 in Axes
  1840 | IceCv    | Noticed a death yak
  1869 | IceCv    | Killed a death yak
  1869 | IceCv    | Reached skill level 10 in Fighting
  1869 | IceCv    | Reached XP level 11. HP: 97/99 MP: 11/11
  2295 | IceCv    | Noticed a death yak
  2354 | IceCv    | Killed a death yak
  2448 | IceCv    | Reached skill level 14 in Axes
  2460 | IceCv    | Noticed a frost giant
  2561 | IceCv    | Killed a frost giant
  2570 | IceCv    | Reached XP level 12. HP: 97/110 MP: 12/12
  2571 | IceCv    | Reached skill level 10 in Armour
  2727 | Lair:1   | HP: 5/110 [poisoned by a black mamba]
  2788 | Lair:2   | HP: 2/110 [porcupine's spines (16)]
  2800 | Lair:2   | Slain by a porcupine

Vault maps used:
D:1:      minmay_arrival_plants_in_alcoves, minmay_shallow_snake_nest
D:2:      grunt_temple_overflow_magic_moments, nicolae_overflow_crystal_walls,
          overflow_temple_1_default, hangedman_decor_opposing
D:3:      lemuel_crystal_altar, zin_treasury, grunt_ministairs_1
D:4:      nicolae_overflow_hidden_temple, first_bread
D:5:      lemuel_crystal_altar, grunt_dithmenos_smoke,
          overflow_temple_1_default, nicolae_ossuary_entry_giza,
          lightli_corner_chamber, uniq_prince_ribbit1
D:6:      uniq_blork_the_orc, uniq_menkaure
D:7:      minmay_temple_entry_glass, the_bakery
D:8:      johnstein_pakellas_shop, grunt_temple_overflow_open, uniq_erica
D:9:      erik_lair_orcish_takeover, nicolae_tso_carved_into_rock, uniq_psyche
Temple:   minmay_temple_curvy_8
Lair:1:   portal_ice_cave_rime, st_stairs_8, beast_lair_carwin_2,
          serial_bayou_shore_b
Lair:2:   serial_forest, infiniplex_forest_lined_corner,
          infiniplex_forest_diagonal, infiniplex_forest_lined_3,
          infiniplex_forest_clump_diagonal, infiniplex_forest_side_room,
          hangedman_lair_unloving_vines, uniq_harold
IceCv:    ice_cave_caverns_01

Skill      XL: |  1  2  3  4  5  6  7  8  9 10 11 12 |
---------------+-------------------------------------+-----
Axes           | 5 6 7 9 10 11 12 13 14 | 14.5
Fighting       | 6 8 10 11 | 11.5
Dodging        | 3 5 6 7 |  7.8
Armour         | 4 5 7 8 9 10 | 10.2

Action                   |  1- 3 |  4- 6 |  7- 9 | 10-12 || total
-------------------------+-------+-------+-------+-------++-------
Melee: Hand axe          |    69 |    56 |    60 |       ||   185
       War axe           |       |       |   137 |   366 ||   503
       Battleaxe         |       |       |       |    35 ||    35
Invok: Berserk           |     6 |     2 |     8 |    16 ||    32
       Trog's Hand       |       |     2 |     7 |    28 ||    37
Evoke: Wand              |       |     3 |     1 |     4 ||     8
  Use: Scroll            |       |     4 |     1 |     9 ||    14
       Potion            |       |     2 |     2 |     2 ||     6
  Eat: Royal jelly       |     3 |     1 |       |       ||     4
       Beef jerky        |     1 |       |       |       ||     1
       Fruit             |     2 |       |       |       ||     2
       Chunk             |       |       |    10 |    25 ||    35
       Bread ration      |       |       |       |     1 ||     1
       Meat ration       |       |       |       |     1 ||     1
Armor: Animal skin       |     2 |       |       |       ||     2
       Ring mail         |    22 |    16 |    62 |   141 ||   241
Dodge: Dodged            |    45 |    41 |   130 |   301 ||   517
